 Dungeon Crawl Stone Soup version 0.30-a0-371-gad7725a93e (webtiles) character file.

Game seed: 17562543975531118628

13851 FalseProphet the Basher (level 11, -10/105 HPs)
             Began as a Minotaur Berserker on Nov 22, 2022.
             Was an Elder of Trog.
             Mangled by an orc warrior
             ... wielding a +0 scimitar
             ... led by an orc knight
              (12 damage)
             ... on level 1 of the Orcish Mines.
             The game lasted 00:22:30 (13553 turns).

FalseProphet the Basher (Minotaur Berserker)       Turns: 13553, Time: 00:22:30

Health: -10/105    AC: 14    Str: 24    XL:     11   Next: 81%
Magic:  10/10      EV: 10    Int:  4    God:    Trog [****..]
Gold:   554        SH:  0    Dex: 12    Spells: 10/10 levels left

rFire   + . .      SeeInvis +    x - +4 battleaxe
rCold   . . .      Faith    .    (shield currently unavailable)
rNeg    . . .      Spirit   .    C - +2 chain mail {rF+}
rPois   .          Reflect  .    (helmet restricted)
rElec   .          Harm     .    (no cloak)
rCorr   .          Rampage  .    (no gloves)
Will    .....                    (no boots)
Stlth   ..........               (no amulet)
HPRegen 0.37/turn                y - ring of see invisible
MPRegen 0.12/turn                (no ring)

@: about to teleport
A: horns 2, retaliatory headbutt
a: Renounce Religion, Berserk, Trog's Hand, Brothers in Arms


You were on level 1 of the Orcish Mines.
You worshipped Trog.
Trog was greatly pleased with you.
You visited 2 branches of the dungeon, and saw 12 of its levels.
You also visited: Sewer.

You collected 1276 gold pieces.
You spent 722 gold pieces at shops.

Inventory:

Hand Weapons
 a - a +0 mace
 c - a +0 mace of venom
 i - a +1 flail of venom
 q - a +0 morningstar
 w - a +0 glaive
 x - a +4 battleaxe (weapon)
 B - a +0 dire flail
Missiles
 z - 3 throwing nets (quivered)
Armour
 p - a +2 plate armour
 C - a +2 chain mail of fire resistance (worn)
Jewellery
 s - a ring of fire
 y - a ring of see invisible (left hand)
Wands
 o - a wand of acid (12)
 r - a wand of iceblast (2)
 t - a wand of flame (14)
 v - a wand of paralysis (5)
Scrolls
 m - a scroll of teleportation
 n - a scroll of fog
 u - a scroll of silence
Potions
 b - 2 potions of might
 d - 2 potions of berserk rage
 e - a potion of cancellation
 f - 8 potions of curing
 g - 4 potions of haste
 h - a potion of ambrosia {unknown}
 j - a potion of magic {unknown}
 k - a potion of resistance {unknown}
 l - 9 potions of flight
 A - a potion of mutation {unknown}


   Skills:
 * Level 12.7 Fighting
 + Level 2.1(8.8) Axes
 + Level 13.2(13.3) Maces & Flails
 + Level 13.1 Armour
 * Level 4.1 Dodging
 - Level 1.1 Stealth
 * Level 3.3 Evocations


You had 10 spell levels left.
You didn't know any spells.
Your spell library was empty.

Dungeon Overview and Level Annotations

Branches:
Dungeon (10/15)            Temple (0/1) D:7            Lair (0/5) D:8
    Orc (2/2) D:9           Sewer (visited)
    Elf: Orc:2

Altars:
Ashenzari
Dithmenos
Fedhas
Hepliaklqana
Kikubaaqudgha
Makhleb
Qazlal
Ru
Uskayaw
Wu Jian
Xom
Yredelemnul
Zin
The Shining One

Shops:
D:1 :   D:2 ([*(   D:7 ?   Orc:1 (==*!

Annotations:
Orc:1 1 runed translucent door, Rasomed's ghost, journeyman MiMo


Innate Abilities, Weirdness & Mutations

You have a pair of horns on your head.
You reflexively headbutt those who attack you in melee.


Message History

The orc barely misses you. You furiously retaliate!
You headbutt the orc, but do no damage. The orc attacks as you move away!
The orc barely misses you. The orc attacks as you move away!
The orc hits you but does no damage.
There is a stone staircase leading up here.
The orc hits you but does no damage.
You climb upwards.
Level annotation: 1 runed translucent door, Rasomed's ghost, journeyman MiMo
There is a stone staircase leading down here.
You closely miss the orc. You slash the orc!
You kill the orc!
Trog accepts your kill. The orc closely misses you.
The orc hits you with a +1 dagger of freezing.
The orc freezes you.
You slice the orc!!
You kill the orc!
Trog accepts your kill.
No target in view!
You climb downwards.
The orc warrior hits you with a +0 scimitar!
The orc warrior hits you but does no damage.
The orc knight hits you with a +0 battleaxe. x2
The orc warrior hits you with a +0 war axe!
The orc warrior hits you with a +0 scimitar!
There is a stone staircase leading up, spattered with blood here.
The orc warrior hits you with a +0 scimitar!
The orc warrior barely misses you.
The orc knight hits you with a +0 battleaxe!
* * * LOW HITPOINT WARNING * * *
You climb upwards.
Level annotation: 1 runed translucent door, Rasomed's ghost, journeyman MiMo
There is a stone staircase leading down, spattered with blood here.
Okay, then.
As you read the scroll of teleportation, it crumbles to dust.
You feel strangely unstable.
The orc warrior hits you with a +0 war axe!!
* * * LOW HITPOINT WARNING * * *
The orc warrior hits you with a +0 scimitar!
You die...

##.###...# ##.##
#....##.## #...#
##....#.####..##
##............##
##
#..............#
##.
##.#........#.##
###..
###.........#.##
##....
####...o.o......#
#.....
##.##...o@...##.##
##....
#.......[.....###
#....#
##.............#
#...##
#......#.#....##
##...#
##.............#
#.....
##....#.#.....##
##....
#......#..#....#
##.##.
##.#..#........##
#.....
######..)#)....#
##....


You could see an orc knight and 2 orc warriors.

Vanquished Creatures
  Harold (Orc:1)
  A two-headed ogre (D:9)
  2 orc knights (Orc:1)
  An orc sorcerer (Orc:2)
  An unseen horror (D:10)
  An unseen horror zombie (D:9)
  3 komodo dragons (D:8)
  Sigmund (D:5)
  22 yaks
  2 wyverns
  A basilisk (D:8)
  An unseen horror simulacrum (D:9)
  3 steam dragons
  2 wargs (Orc:1)
  2 water moccasins (D:9)
  An acid dragon (D:9)
  A swamp drake (D:9)
  14 orc warriors
  3 ice beasts
  A sky beast (D:7)
  7 ogres
  4 centaurs
  4 bullfrogs (D:8)
  A scorpion (D:4)
  8 wights
  11 killer bees
  3 electric eels (D:7)
  4 howler monkeys
  2 centaur zombies (D:9)
  3 hounds
  2 jellies
  9 orc priests
  A gnoll bouda (D:8)
  Natasha (twice) (D:2)
  4 iguanas
  7 orc wizards
  Terence (D:3)
  A howler monkey zombie (D:9)
  5 gnolls (D:8)
  9 adders
  3 river rats (Sewer)
  A shadow imp (D:7)
  3 white imps
  3 worms
  2 dart slugs
  41 orcs
  10 endoplasms
  6 giant cockroaches
  6 goblins
  3 hobgoblins
  3 jackals (Sewer)
  3 quokkas (Sewer)
  17 ball pythons
  11 bats
  8 frilled lizards
  4 kobolds
  3 rats
279 creatures vanquished.

Vanquished Creatures (others)
  5 fungi (D:9)
  A plant (D:7)
6 creatures vanquished.

Grand Total: 285 creatures vanquished

Notes
Turn   | Place    | Note
-------+----------+-------------------------------------------
     0 | D:1      | FalseProphet the Minotaur Berserker began the quest for the
                  | Orb.
     0 | D:1      | Reached XP level 1. HP: 19/19 MP: 0/0
   151 | D:1      | Reached XP level 2. HP: 27/27 MP: 1/1
   340 | D:1      | Found Unaces's Book Shop.
   532 | D:2      | Found Zishy's Armour Boutique.
   563 | D:2      | Noticed Natasha
   565 | D:2      | Noticed a crimson imp
   570 | D:2      | Noticed a crimson imp
   579 | D:2      | Killed Natasha
   580 | D:2      | Reached XP level 3. HP: 23/33 MP: 2/2
   664 | D:2      | Noticed Natasha
   675 | D:2      | Killed Natasha
   676 | D:2      | Reached XP level 4. HP: 21/41 MP: 3/3
   865 | D:2      | Found Inyo's Assorted Antiques.
   872 | D:2      | Bought a scroll labelled NETAXE JOM CUC for 28 gold pieces
   872 | D:2      | Bought a scroll labelled COSIEPA MEMIU for 28 gold pieces
   882 | D:2      | Reached ** piety under Trog
   914 | D:2      | Found Neamno's Antique Weapon Boutique.
  1205 | D:2      | Found Imos's Antique Weapon Boutique.
  1303 | D:3      | Found an ornate altar of the Wu Jian Council.
  1313 | D:3      | Found a faded altar of an unknown god.
  1381 | D:3      | Reached skill level 5 in Maces & Flails
  1474 | D:3      | Found a stormy altar of Qazlal.
  1491 | D:3      | Noticed Terence
  1497 | D:3      | Killed Terence
  1943 | D:3      | Reached XP level 5. HP: 40/47 MP: 4/4
  2063 | D:4      | Found a glowing golden altar of the Shining One.
  2169 | D:4      | Found a shadowy altar of Dithmenos.
  2231 | D:4      | Noticed an ogre
  2231 | D:4      | Noticed an ogre
  2238 | D:4      | Killed an ogre
  2239 | D:4      | Reached skill level 5 in Armour
  2239 | D:4      | Reached XP level 6. HP: 53/53 MP: 5/5
  2432 | D:4      | Reached skill level 5 in Fighting
  2653 | D:4      | Reached XP level 7. HP: 60/61 MP: 6/6
  2715 | D:4      | Found a burning altar of Makhleb.
  2724 | D:4      | Found a blossoming altar of Fedhas.
  2907 | D:4      | Found an ancient bone altar of Kikubaaqudgha.
  3048 | D:5      | Entered Level 5 of the Dungeon
  3059 | D:5      | Found a glowing drain.
  3072 | Sewer    | Entered a sewer
  3257 | Sewer    | Reached *** piety under Trog
  4041 | D:5      | Noticed Sigmund
  4048 | D:5      | Killed Sigmund
  4049 | D:5      | Reached skill level 1 in Stealth
  4107 | D:5      | Reached XP level 8. HP: 70/70 MP: 7/7
  4591 | D:6      | Reached XP level 9. HP: 59/81 MP: 8/8
  4594 | D:6      | Reached skill level 10 in Maces & Flails
  4687 | D:6      | Found a basalt altar of Yredelemnul.
  4733 | D:6      | HP: 4/81 [poisoned by an orc wizard]
  5180 | D:6      | Identified the +6 rapier "Qahunlis" {vorpal, rC+ Int+2
                  | Dex+3}
  5297 | D:6      | Found a broken altar of Ashenzari.
  5530 | D:6      | Found a glowing silver altar of Zin.
  5746 | D:7      | Found a shimmering altar of Xom.
  5750 | D:7      | Found a shimmering altar of Xom.
  5752 | D:7      | Found a shimmering altar of Xom.
  5752 | D:7      | Found a shimmering altar of Xom.
  5752 | D:7      | Found a shimmering altar of Xom.
  5968 | D:7      | Found a shimmering altar of Xom.
  5968 | D:7      | Found a shimmering altar of Xom.
  6373 | D:7      | Found a staircase to the Ecumenical Temple.
  6747 | D:7      | Found Raoningu's Magic Scroll Shoppe.
  6767 | D:7      | Bought a scroll of brand weapon for 114 gold pieces
  6767 | D:7      | Bought a scroll of enchant weapon for 90 gold pieces
  6813 | D:7      | Noticed an alligator
  6813 | D:7      | Noticed a shock serpent
  6839 | D:7      | Noticed a deep troll
  7113 | D:8      | Reached skill level 10 in Armour
  7117 | D:8      | Reached XP level 10. HP: 67/91 MP: 9/9
  7379 | D:8      | Reached **** piety under Trog
  7749 | D:8      | Found a sacrificial altar of Ru.
  8412 | D:8      | Reached skill level 10 in Fighting
  8412 | D:8      | Reached skill level 1 in Evocations
  8644 | D:8      | Found a staircase to the Lair.
  8760 | D:9      | Found a hazy altar of Hepliaklqana.
  9069 | D:9      | Noticed a two-headed ogre
  9074 | D:9      | Killed a two-headed ogre
  9075 | D:9      | Reached XP level 11. HP: 101/101 MP: 10/10
 10150 | D:9      | Found a staircase to the Orcish Mines.
 10182 | Orc:1    | Entered Level 1 of the Orcish Mines
 10182 | Orc:1    | Found Ujulef's General Store.
 10182 | Orc:1    | Found Picvym's Jewellery Boutique.
 10249 | D:10     | Entered Level 10 of the Dungeon
 10926 | D:2      | Bought a glowing battleaxe for 237 gold pieces
 11090 | D:10     | Noticed a +0 dagger
 11091 | D:10     | Noticed a +0 spear
 11091 | D:10     | Noticed a +0 falchion
 11092 | D:10     | Noticed a +0 short sword
 11092 | D:10     | Noticed a +0 falchion
 11092 | D:10     | Noticed a +0 short sword
 11093 | D:10     | Noticed a +0 dagger
 11094 | D:10     | Noticed a +0 spear
 11126 | D:10     | Found a hide-covered altar of Uskayaw.
 12504 | Orc:1    | Found a runed translucent door.
 12504 | Orc:1    | Found a shimmering altar of Xom.
 12504 | Orc:1    | Noticed Rasomed's ghost (journeyman MiMo)
 12506 | Orc:1    | Noticed a +2 broad axe of chaos
 12527 | Orc:1    | Found Cyilax's Jewellery Shop.
 12538 | Orc:1    | Bought a ring of see invisible for 225 gold pieces
 12587 | Orc:1    | Found Cioqass's Distillery.
 12666 | Orc:1    | Found Fese's Antique Weapon Boutique.
 12686 | Orc:1    | Noticed an orc knight
 12703 | Orc:1    | Killed an orc knight
 12930 | Orc:1    | Noticed Harold
 12939 | Orc:1    | Killed Harold
 13039 | Orc:2    | Entered Level 2 of the Orcish Mines
 13039 | Orc:2    | Noticed an orc sorcerer
 13039 | Orc:2    | Noticed an orc knight
 13256 | Orc:1    | Killed an orc knight
 13257 | Orc:1    | Reached skill level 1 in Axes
 13445 | Orc:2    | Killed an orc sorcerer
 13536 | Orc:2    | Noticed an orc knight
 13553 | Orc:1    | HP: 2/105 [orc warrior/+0 war axe[an orc knight] (21)]
 13553 | Orc:1    | Mangled by an orc warrior

Illustrated notes

Levels and vault maps discovered:
D:1:      amcnicky_arrival_feature_with_door, layout_rooms, serial_shops, shop
D:2:      layout_basic, serial_shops, shop, shop, nicolae_shop_crystal,
          nicolae_shop_waterfront, kennysheep_generic_room_3, uniq_natasha
D:3:      layout_rooms, mainiacjoe_overflow_alcove_4,
          nicolae_qazlal_scattered_showers, ebering_ecumenical_altar_webs,
          minmay_misc_feat_tiny, uniq_terence
D:4:      layout_basic, kennysheep_mini_moat, grunt_dithmenos_smoke_and_mirrors,
          old_standard_altar, mainiacjoe_overflow_swirl, serial_rivers,
          chequers_serial_rivers_marsh, chequers_serial_rivers_micro_c,
          chequers_serial_rivers_micro_d, chequers_serial_rivers_room_a,
          chequers_serial_rivers_small_3, chequers_serial_rivers_large_a
D:5:      layout_loops_cross, cheibrodos_sewer_entry_drain, uniq_sigmund
D:6:      layout_basic, mainiacjoe_overflow_24_doors, old_standard_altar,
          zin_scriptorium, uniq_eustachio
D:7:      layout_cave_pools, xom_shifter_show, minmay_temple_entry_ruins,
          serial_shops, nicolae_shop_behind_doors, serial_bayou,
          serial_bayou_lagoon_b, serial_bayou_shore_b, serial_bayou_crossing,
          serial_bayou_pond_d, serial_bayou_pond_e, serial_bayou_shore_b
D:8:      layout_basic, nicolae_ru_sacrificial_ziggurat, erik_lair_dragon
D:9:      layout_basic, mainiacjoe_overflow_boulevard, erik_orc_1,
          hangedman_weighted_door
D:10:     layout_basic, nicolae_uskayaw_en_pointe
Orc:1:    layout_caves, ebering_ghost_xom, serial_shops,
          nicolae_shop_waterfront, shop, shop_statue, nicolae_shop_crystal,
          shop_statue, uniq_harold
Orc:2:    st_orc_pillars, layout_diamond_mine, basic_altar, serial_shops, shop,
          shop, nicolae_shop_advertising_works [nicolae_subvault_shop_adworks],
          shop

Skill      XL: |  1  2  3  4  5  6  7  8  9 10 11 |
---------------+----------------------------------+-----
Maces & Flails | 4 5 6 7 9 11 12 13 | 13.2
Fighting       | 4 5 6 7 9 10 12 | 12.7
Armour         | 3 5 6 7 10 11 13 | 13.1
Dodging        | 3 4 |  4.1
Stealth        | 1 |  1.1
Evocations     | 2 3 |  3.3
Axes           | 2 |  2.1

Action                   |  1- 3 |  4- 6 |  7- 9 | 10-12 || total
-------------------------+-------+-------+-------+-------++-------
Melee: Mace              |    58 |    59 |    83 |       ||   200
       Headbutt          |     9 |    10 |    45 |    89 ||   153
       Flail             |       |    33 |   218 |   300 ||   551
       Punch             |       |       |     6 |     4 ||    10
       Battleaxe         |       |       |       |   114 ||   114
       Glaive            |       |       |       |     4 ||     4
Invok: Berserk           |       |     3 |     5 |     7 ||    15
       Trog's Hand       |       |       |     2 |       ||     2
  Use: Scroll            |     3 |     7 |     9 |     9 ||    28
       Potion            |     1 |       |     1 |     4 ||     6
 Stab: Distracted        |       |       |       |     1 ||     1
       Confused          |       |       |       |     1 ||     1
Armor: Scale mail        |    14 |    23 |       |       ||    37
       Plate armour      |       |    11 |   211 |   237 ||   459
       Chain mail        |       |       |       |     7 ||     7
Dodge: Dodged            |    31 |    51 |    96 |   170 ||   348

Table legend: (Time is in decaauts)
 A = Elapsed time spent in this place.
 B = Non-inter-level travel time spent in this place.
 C = Inter-level travel time spent in this place.
 D = Time resting spent in this place.
 E = Time spent auto-exploring this place.
 F = Levels seen in this place.
 G = Mean time per level.
                   A        B        C        D        E       F      G
               +--------+--------+--------+--------+--------+-----+--------+
         Total |  13912 |  13108 |    804 |   2727 |   8391 |  13 | 1070.2 |
       Dungeon |  11567 |  10777 |    790 |   1888 |   7365 |  10 | 1156.7 |
  Orcish Mines |   1477 |   1463 |     14 |    785 |    451 |   2 |  738.5 |
         Sewer |    868 |    868 |      0 |     53 |    574 |   1 |  868.0 |
               +--------+--------+--------+--------+--------+-----+--------+

Top non-repeatable levels by time:
     D:9: 1838 daAuts
     D:8: 1658 daAuts
     D:7: 1368 daAuts
    D:10: 1349 daAuts
   Orc:1: 1346 daAuts
     D:6: 1302 daAuts
     D:4: 1127 daAuts
     D:2: 919 daAuts
   Sewer: 868 daAuts
     D:5: 788 daAuts
     D:3: 752 daAuts
     D:1: 462 daAuts
   Orc:2: 131 daAuts
